Map: Dash and Terminal LE (Void)

Players

Dayvuni - Winner!

  • Race: Protoss Protoss
  • League: Silver

wabbajack

  • Race: Zerg Zerg
  • League: Gold

VOD

Have the link to the VOD?

Description

Time

  • Played on: July 20, 2015, 12:39 p.m.
  • Length: 6:30
Show
View Real Time Build Order
Export as new Build Order

Dayvuni Protoss - Winner!

Build Orders: Oracle Opening 

Get SALT Encoding   

  12  0:01  Probe  
  13  0:17  Pylon  
  13  0:18  Probe  
  14  0:35  Probe (Chrono Boost)  
  15  0:37  Gateway  
  15  0:46  Probe (Chrono Boost)  
  16  0:53  Probe (Chrono Boost)  
  17  1:03  Assimilator  
  17  1:04  Probe (Chrono Boost)  
  18  1:13  Pylon  
  18  1:15  Probe (Chrono Boost), Pylon  
  19  1:26  Cybernetics Core  
  19  1:29  Probe  
  20  1:37  Zealot  
  22  1:42  Probe (Chrono Boost)  
  23  1:47  Assimilator  
  23  1:54  Probe (Chrono Boost)  
  24  2:00  Probe (Chrono Boost)  
  25  2:11  Probe  
  26  2:18  Pylon  
  26  2:21  Stargate  
  26  2:29  Warp Gate (Chrono Boost)  
  26  2:33  Zealot  
  28  2:41  Pylon  
  27  3:00  Gateway  
  27  3:02  Gateway  
  27  3:05  Gateway, Oracle (Chrono Boost)  
  30  3:20  Stalker  
  32  3:39  Pylon  
  13  4:31  Probe (Chrono Boost)  
  14  4:39  Stalker  
  14  4:42  Probe (Chrono Boost)  
  14  4:43  Stalker x3  
  21  4:48  Probe  
  21  5:01  Probe (Chrono Boost)  
  22  5:10  Probe (Chrono Boost)  
  23  5:18  Probe (Chrono Boost)  
  25  5:29  Probe (Chrono Boost)  
  25  5:35  Probe (Chrono Boost)  
  26  5:47  Probe (Chrono Boost)  
  26  5:57  Probe (Chrono Boost)  
  27  6:04  Probe  
  25  6:18  Adept  
  25  6:19  Adept  
Show
View Real Time Build Order
Export as new Build Order

wabbajack Zerg 

Build Orders: Hatch First 

Get SALT Encoding   

  12  0:01  Drone  
  13  0:13  Overlord  
  13  0:17  Drone  
  14  0:23  Extractor  
  14  0:24  Drone  
  15  0:35  Drone  
  16  0:36  Drone  
  17  0:55  Hatchery  
  16  1:03  Extractor  
  15  1:10  Spawning Pool  
  14  1:13  Drone  
  14  1:16  Drone  
  16  1:20  Drone  
  17  1:29  Drone  
  18  1:38  Drone  
  19  2:04  Overlord  
  19  2:08  Metabolic Boost  
  19  2:12  Zergling x6, Extractor  
  21  2:19  Queen  
  21  2:20  Queen  
  25  2:24  Overlord  
  25  2:37  Baneling Nest  
  24  3:02  Pneumatized Carapace  
  24  3:14  Zergling x6  
  24  3:15  Zergling x2  
  28  3:22  Drone  
  28  3:23  Drone  
  28  3:26  Baneling x2  
  30  3:27  Baneling x2  
  30  4:00  Queen  
  30  4:02  Spore Crawler x2  
  30  4:05  Spore Crawler x2  
  20  4:56  Drone  
  20  4:57  Drone x7  
  20  4:58  Overlord  
  20  4:59  Overlord  
  24  5:42  Zergling x6  
  22  5:43  Zergling x8  
Tags
 
Add a new tag
Caveats
  • Supply blocks, unpowered buildings, or Contaminate may cause inaccurate times.
  • Supply counts are checked every 10 seconds.